 Dungeon Crawl Stone Soup version 0.31.0-32-g396128a36d (webtiles) character file.

Game seed: 498268697768549558

35 TacoSundae the Covered (level 3, -3/30 HPs)
             Began as an Armataur Fighter on Apr 11, 2024.
             Slain by a hobgoblin
             ... wielding a +1 short sword of protection
              (6 damage)
             ... on level 2 of the Dungeon.
             The game lasted 00:02:49 (785 turns).

TacoSundae the Covered (Armataur Fighter)            Turns: 785, Time: 00:02:49

Health: -3/30      AC:  7    Str: 23    XL:     3   Next: 16%
Magic:  3/3        EV:  7    Int:  8    God:
Gold:   53         SH:  4    Dex:  9    Spells: 2/2 levels left

rFire   . . .        a - +0 flail
rCold   . . .        c - +0 buckler
rNeg    . . .        b - +0 scale mail
rPois   .            (no helmet)
rElec   .            (no cloak)
rCorr   .            (no gloves)
SInv    .            (no barding)
Will    .....        (no amulet) Stlth
                     (no ring)
HPRegen 0.25/turn    (no ring)
MPRegen 0.08/turn

%: roll
@: mighty
A: large, deformed body, tough skin 3, armoured tail, roll 1
a: no special abilities


You were on level 2 of the Dungeon.
You visited 1 branch of the dungeon, and saw 2 of its levels.

You collected 53 gold pieces.

Inventory:

Hand Weapons
 a - a +0 flail (weapon)
Armour
 b - a +0 scale mail (worn)
 c - a +0 buckler (worn)
Scrolls
 e - 2 scrolls of teleportation {unknown}
 g - a scroll of revelation {unknown}
 h - 2 scrolls of blinking {unknown}
Potions
 f - a potion of berserk rage {unknown}


   Skills:
 - Level 2.8 Fighting
 * Level 2.8 Maces & Flails
 - Level 3.8 Armour
 - Level 3.4 Shields


You had 2 spell levels left.
You didn't know any spells.
Your spell library contained the following spells:

 Spells                   Type           Power      Damage    Failure   Level
 Summon Small Mammal      Summ           0%         N/A       78%         1
 Call Canine Familiar     Summ           0%         N/A       98%         3
 Summon Blazeheart Golem  Fire/Summ      0%         N/A       100%        4


Dungeon Overview and Level Annotations

Branches:
Dungeon (2/15)

Altars:

Shops:
D:1 *[=*


Innate Abilities, Weirdness & Mutations

Armour fits poorly on your strangely shaped body.
You have extremely tough skin. (AC +3)
You have a long armoured tail.
You regenerate magic when rolling toward enemies. (Rampage MPRegen)


Message History

The hobgoblin is moderately wounded.
The hobgoblin hits you with a +1 short sword of protection.
You closely miss the hobgoblin.
The hobgoblin is moderately wounded.
The hobgoblin hits you with a +1 short sword of protection.
You hit the hobgoblin but do no damage.
The hobgoblin is moderately wounded.
The hobgoblin hits you with a +1 short sword of protection. x2
You barely miss the hobgoblin.
The hobgoblin is moderately wounded.
The hobgoblin hits you with a +1 short sword of protection.
You hit the hobgoblin but do no damage.
The hobgoblin is moderately wounded.
The hobgoblin hits you with a +1 short sword of protection.
You barely miss the hobgoblin.
The hobgoblin is lightly wounded.
The hobgoblin hits you with a +1 short sword of protection.
* * * LOW HITPOINT WARNING * * *
You completely miss the hobgoblin.
The hobgoblin is lightly wounded.
The hobgoblin hits you but does no damage.
The hobgoblin hits you with a +1 short sword of protection.
* * * LOW HITPOINT WARNING * * *
You closely miss the hobgoblin.
The hobgoblin is lightly wounded.
The hobgoblin hits you with a +1 short sword of protection.
* * * LOW HITPOINT WARNING * * *
You feel very mighty all of a sudden.
The hobgoblin hits you with a +1 short sword of protection.
* * * LOW HITPOINT WARNING * * *
You closely miss the hobgoblin.
The hobgoblin is lightly wounded.
You block the hobgoblin's attack.
You closely miss the hobgoblin.
The hobgoblin is lightly wounded.
The hobgoblin closely misses you.
You barely miss the hobgoblin.
The hobgoblin is lightly wounded.
The hobgoblin hits you with a +1 short sword of protection.
You die...

..#
#.#............##.#
...#.#.#.###...#####.#
#.#...........# #.#
#.....#.###.#.# #.#
#.#...#.##..#.# #.#
#.............# #.#
#.####......#.#.#
........##>......
#.####.@#####.#.##
#.g# .# ..... .
........ . #.#.#.#.###
.. . #.#.#.# # #....
###..


You could see a hobgoblin.

Vanquished Creatures
  A dart slug (D:1)
  5 bats
  An endoplasm (D:2)
  2 giant cockroaches
  5 goblins (D:1)
  3 hobgoblins (D:1)
  3 quokkas (D:1)
  A ball python (D:1)
  A frilled lizard (D:1)
  4 kobolds (D:1)
  2 rats (D:1)
28 creatures vanquished.

Notes
Turn   | Place    | Note
-------+----------+-------------------------------------------
     0 | D:1      | TacoSundae the Armataur Fighter began the quest for the
                  | Orb.
     0 | D:1      | Reached XP level 1. HP: 18/18 MP: 1/1
   165 | D:1      | Reached XP level 2. HP: 17/25 MP: 2/2
   196 | D:1      | Found Piargh's Jewellery Shoppe.
   199 | D:1      | Found Jiwk's Armour Emporium.
   203 | D:1      | Found Afuushi's General Store.
   226 | D:1      | Found Fivveawk's Assorted Antiques.
   441 | D:1      | Reached XP level 3. HP: 30/30 MP: 3/3
   785 | D:2      | Slain by a hobgoblin

Illustrated notes

Levels and vault maps discovered:
D:1:      dpeg_arrival_morbid_curiosity, layout_rooms, serial_shops, shop, shop,
          shop, shop
D:2:      wad_river_or_something, layout_basic,
          hellmonk_ecumenical_altar_the_god_not_taken

Skill      XL: |  1 |
---------------+----+-----
Maces & Flails | 2 |  2.8
Fighting       | |  2.8
Armour         | |  3.8
Shields        | |  3.4

Action                     || total
---------------------------++-------
  Melee: Flail             ||   109
         Tailslap          ||    11
    Use: Potion            ||     1
 Armour: Scale mail        ||   111
  Dodge: Dodged            ||    44
  Block: Buckler           ||    26
